 Dungeon Crawl Stone Soup version 0.18-a0-1542-g9c1a92e (webtiles) character file.

72629 dvd the Lord of Darkness (level 15, -7/124 HPs)
             Began as a Deep Dwarf Necromancer on Mar 10, 2016.
             Was the Champion of Kikubaaqudgha.
             Engulfed by an ice statue's freezing vapour (26 damage)
             ... in an ice cave on Mar 11, 2016.
             The game lasted 02:22:23 (23392 turns).

dvd the Lord of Darkness (Deep Dwarf Necromancer)  Turns: 23392, Time: 02:22:24

Health: -7/124     AC: 15    Str: 12    XL:     15   Next: 1%
Magic:  36/41      EV: 16    Int: 29    God:    Kikubaaqudgha [******]
Gold:   1299       SH:  0    Dex: 15    Spells: 8 memorised, 11 levels left

rFire  . . .     SeeInvis +     a - +9 long sword (pain)
rCold  . . .     Gourm    .     H - +4 ring mail "Iffeirph" {*Drain Regen+ MP+9 Int+9}
rNeg   + . .     Faith    .     (no shield)
rPois  +         Spirit   .     i - +0 mask of the Dragon {MR+ Slay+3 SInv}
rElec  .         Dismiss  .     G - +0 cloak
rCorr  .         Reflect  .     v - +0 pair of gloves
SustAt .         Harm     +     Q - +1 pair of boots
MR     ++++.                    M - amulet of harm
Stlth  ++........               j - ring of protection from magic
                                P - ring of poison resistance

@: non-regenerating, incredibly resistant to hostile enchantments, unstealthy
A: damage resistance, recharge devices, negative energy resistance 1, sense
surroundings 2, slow regeneration 3, evolution 1
a: Device Recharging, Receive Corpses, Torment, Renounce Religion


You were in an ice cave.
You worshipped Kikubaaqudgha.
Kikubaaqudgha was exalted by your worship.
You were not hungry.

You visited 3 branches of the dungeon, and saw 20 of its levels.
You also visited: Sewer and Ice Cave.

You collected 1299 gold pieces.

Inventory:

Hand Weapons
 a - a +9 long sword of pain (weapon)
 A - a +2 falchion of electrocution
 R - the +1 falchion of dvd's Imminent Death {flame, *Corrode +Blink MR- Str+10}
   (You found it on level 1 of the Lair of Beasts)

   It has been specially enchanted to burn those struck by it, causing extra
   injury to most foes and up to half again as much damage against particularly
   susceptible opponents.
   Big, fiery blades are also staple armaments of hydra-hunters.
   It affects your strength (+10).
   It affects your resistance to hostile enchantments.
   It lets you blink.
   It may corrode your equipment when you take damage.
Armour
 i - the +0 mask of the Dragon (worn) {MR+ Slay+3 SInv}
   (You acquired it on level 7 of the Dungeon)

   It affects your accuracy and damage with ranged weapons and melee attacks
   (+3).
   It affects your resistance to hostile enchantments.
   It lets you see invisible.
 v - a +0 pair of gloves (worn)
 D - a +4 ring mail of poison resistance
 G - a +0 cloak (worn)
 H - the +4 ring mail "Iffeirph" (worn) {*Drain Regen+ MP+9 Int+9}
   (You found it on level 5 of the Dungeon)

   It affects your intelligence (+9).
   It affects your magic capacity (+9).
   It increases your rate of regeneration.
   It causes draining when unequipped.
 Q - a +1 pair of boots (worn)
Rods
 n - a +1 rod of clouds (10/10)
   (You found it on level 10 of the Dungeon)
 s - a +5 lightning rod (17/17)
   (You found it on level 7 of the Dungeon)
Jewellery
 h - an uncursed amulet of rage
 j - a ring of protection from magic (right hand)
 u - a +3 ring of dexterity
 y - an uncursed ring of wizardry
 M - an amulet of harm (around neck)
 O - an uncursed ring of resist corrosion
 P - a ring of poison resistance (left hand)
Wands
 c - a wand of heal wounds (6/9)
 e - a wand of hasting (6/9)
 r - a wand of lightning (1/15)
 w - a wand of flame (27/48)
 I - a wand of disintegration (4/24)
 J - a wand of paralysis (11/24)
 X - a wand of iceblast (7/15)
Scrolls
 l - 12 scrolls of identify
 m - 5 scrolls of amnesia
 q - 7 scrolls of teleportation
 C - 4 scrolls of fog
 F - a scroll of magic mapping
 K - 2 scrolls of enchant weapon
 Y - 4 scrolls of remove curse
Potions
 f - a potion of magic
 k - a potion of cancellation
 o - 2 potions of haste
 B - 5 potions of curing
 N - a potion of brilliance
 S - 3 potions of agility
 T - a potion of heal wounds
 V - 3 potions of flight
 Z - 3 potions of might
Books
 g - a book of Air

   Spells                             Type                      Level
   a - Shock                          Conjuration/Air              1
   b - Swiftness                      Charms/Air                   2
   c - Repel Missiles                 Charms/Air                   2
   d - Static Discharge               Conjuration/Air              3
   e - Lightning Bolt                 Conjuration/Air              5
 t - a Necronomicon

   Spells                             Type                      Level
   a - Haunt                          Necromancy/Summoning         7
   b - Borgnjor's Revivification      Necromancy                   8
   c - Death's Door                   Charms/Necromancy            8
   d - Necromutation                  Transmutation/Necromancy     8
 z - a book of Spatial Translocations

   Spells                             Type                      Level
   a - Apportation                    Translocation                1
   b - Blink                          Translocation                2
   c - Shroud of Golubria             Charms/Translocation         2
   d - Portal Projectile              Translocation                3
   e - Teleport Other                 Translocation                3
   f - Passage of Golubria            Translocation                4
 L - a book of Party Tricks

   Spells                             Type                      Level
   a - Summon Butterflies             Summoning                    1
   b - Apportation                    Translocation                1
   c - Tukima's Dance                 Hexes                        3
   d - Alistair's Intoxication        Transmutation/Poison         5
   e - Invisibility                   Hexes                        6
 U - Kikubaaqudgha's Compendium of Evil
   (Kikubaaqudgha gifted it to you on level 2 of the Lair of Beasts)

   Spells                             Type                      Level
   a - Bolt of Draining               Conjuration/Necromancy       5
   b - Agony                          Necromancy                   5
   c - Cigotuvi's Embrace             Necromancy                   5
   d - Dispel Undead                  Necromancy                   5
   e - Simulacrum                     Ice/Necromancy               6
Comestibles
 b - 2 beef jerkies
 d - 8 bread rations
 p - 9 meat rations
 E - 30 fruits
 W - 6 slices of pizza


   Skills:
 + Level 5.6 Fighting
 + Level 6.5 Long Blades
 + Level 0.2(2.1) Maces & Flails
   Level 3.1 Staves
 + Level 8.1 Armour
 + Level 9.9 Dodging
 + Level 5.2 Stealth
   Level 4.0 Shields
 + Level 13.1 Spellcasting
 + Level 1.1 Conjurations
 + Level 16.0 Necromancy
 + Level 5.8 Evocations


You had 11 spell levels left.
You knew the following spells:

 Your Spells              Type           Power        Failure   Level  Hunger
a - Pain                  Necr           ####         0%          1    None
b - Vampiric Draining     Necr           #######...   1%          3    None
c - Animate Dead          Necr           N/A          1%          4    None
d - Control Undead        Necr           #######...   1%          4    None
e - Cigotuvi's Embrace    Necr           #######...   1%          5    #......
f - Bolt of Draining      Conj/Necr      ######....   6%          5    #......
g - Repel Missiles        Chrm/Air       ###...       10%         2    None
h - Dispel Undead         Necr           #######.     1%          5    #......


Dungeon Overview and Level Annotations

Branches:
Dungeon (11/15)            Temple (1/1) D:5            Lair (8/8) D:8
 Shoals (0/4) Lair:5        Snake (0/4) Lair:3        Slime (0/6) Lair:6
    Orc: D:9-12

Altars:
Ashenzari
Cheibriados
Dithmenos
Elyvilon
Fedhas
Gozag
Kikubaaqudgha
Makhleb
Nemelex Xobeh
Okawaru
Pakellas
Qazlal
Ru
Sif Muna
Trog
Vehumet
Xom
Yredelemnul
Zin
The Shining One

Shops:
D:7 [(*(

Annotations:
D:8 4 runed doors
D:11 1 runed door IceCv exclusion: ice statue


Innate Abilities, Weirdness & Mutations

You are resistant to damage.
You can recharge devices by infusing magical energy.
You resist negative energy.
You passively map the area around you.
You do not regenerate naturally.
You evolve.


Message History

Press: ? - help, v - describe, . - travel
Here: an ice statue (freezing vapour, almost destroyed)
The floor.
Casting: Cigotuvi's Embrace
Confirm with . or Enter, or press ? or * to list all spells.
Aiming: Vampiric Draining
Press: ? - help, Shift-Dir - straight line, f - ice beast
Aim: an ice beast (freezing vapour, summoned)
The ice beast is heavily wounded.
You are engulfed in freezing vapours.
* * * LOW HITPOINT WARNING * * *
Your polar bear zombie is engulfed in freezing vapours.
Your polar bear zombie bites the ice beast but does no damage.
Your polar bear zombie barely misses the ice beast.
Your polar bear zombie closely misses the ice beast.
The ice beast hits your polar bear zombie but does no damage.
The ice beast hits you but does no damage.
You are engulfed in freezing vapours.
You die...
Kikubaaqudgha rasps: "You have failed me!
Welcome... death!"

≈ ≈ * ≈≈ ** ≈≈ ###, ,**
≈ ##.. , ≈ ##...* * **
##..# ###Y.#* #
##8Z§§### # #§Y§Y§..###
# ###§@.....### ####
##........##
##..#######.......#
####.......###.......#
##...##........#.....##
#..#.ZZ#......Z.....##
#..##≈≈##..........##
##..##≈≈##.#....#.##
##..##≈≈####..####


You could see an ice statue, 3 ice beasts and a friendly polar bear zombie.

Vanquished Creatures
  Gastronok (Lair:1)
  Snorg (D:10)
  6 hydras
  A catoblepas (Lair:8)
  22 death yaks
  The ghost of George the Cleaver, a novice HOGl of Makhleb (D:7)
  A fire crab (Lair:7)
  2 unseen horrors
  A lindwurm (Lair:8)
  A griffon (Lair:5)
  18 elephants
  A manticore (Lair:5)
  2 black mambas
  2 torpor snails (Lair:8)
  A centaur skeleton (D:11)
  Maurice (D:10)
  8 spiny frogs
  6 rime drakes
  5 komodo dragons
  A spriggan druid (Lair:7)
  4 trolls
  A boulder beetle (Lair:8)
  8 polar bears
  6 blink frogs
  70 yaks
  A wyvern (Lair:8)
  5 basilisks
  14 hippogriffs
  3 nagas (Lair:3)
  28 wolves
  16 water moccasins
  A soldier ant (D:11)
  13 porcupines
  4 orc warriors
  5 ice beasts
  2 sky beasts
  A black bear (Lair:7)
  3 ogres
  2 necrophages
  3 phantoms
  12 crocodiles
  2 centaurs
  7 big kobolds
  19 giant frogs
  A wyvern zombie (D:8)
  A gnoll sergeant (D:10)
  A scorpion (D:7)
  A wyvern skeleton (D:9)
  A water moccasin skeleton (D:4)
  4 killer bees (D:10)
  2 wights (D:8)
  3 electric eels
  A giant frog zombie (D:10)
  A jelly (D:10)
  8 hounds
  Crazy Yiuf (D:4)
  2 orc priests
  A gnoll shaman (D:4)
  A giant frog skeleton (D:11)
  4 iguanas
  Terence (D:3)
  Natasha (twice) (D:3)
  5 hell rats (Lair:7)
  4 orc wizards
  8 worker ants
  28 sheep
  A hound zombie (D:11)
  2 hound skeletons
  A mummy (D:6)
  A howler monkey zombie (D:6)
  7 gnolls
  10 adders
  67 river rats
  2 shadow imps
  2 oozes
  2 worms
  A dart slug (D:3)
  3 giant geckos
  12 orcs
  4 ball pythons
  11 bats
  11 giant cockroaches
  8 goblins
  9 hobgoblins
  4 jackals
  15 kobolds
  7 quokkas
  6 giant newts
  A jackal skeleton (D:4)
  A quokka skeleton (D:4)
  A quokka zombie (D:8)
  6 rats
  4 fungi
  A plant (Lair:5)
593 creatures vanquished.

Vanquished Creatures (collateral kills)
  A hill giant (D:10)
  A griffon (Lair:7)
  An elephant (Lair:5)
  2 spiny frogs
  A komodo dragon (Lair:7)
  A giant leech (Lair:8)
  2 blink frogs (Lair:8)
  A boulder beetle (Lair:8)
  12 yaks
  A hippogriff (Lair:3)
  2 wolves
  A water moccasin (Lair:8)
  5 ice beasts (D:11)
  3 crocodiles
  2 big kobolds (Sewer)
  3 giant frogs
  2 wights (D:8)
  A hound (D:8)
  An orc wizard (D:7)
  6 sheep
  5 river rats
  An ooze (Sewer)
  An orc (D:7)
  A quokka (D:8)
  A kobold (Sewer)
  4 fungi
  A plant (Lair:5)
63 creatures vanquished.

Vanquished Creatures (others)
  An elephant (Lair:8)
  3 bushes
  65 fungi
  18 plants
87 creatures vanquished.

Grand Total: 743 creatures vanquished

Notes
Turn   | Place    | Note
--------------------------------------------------------------
     0 | D:1      | dvd the Deep Dwarf Necromancer began the quest for the Orb.
     0 | D:1      | Reached XP level 1. HP: 15/15 MP: 3/3
   286 | D:1      | Reached XP level 2. HP: 22/22 MP: 1/4
   716 | D:2      | Reached skill level 5 in Necromancy
   834 | D:2      | Reached XP level 3. HP: 24/28 MP: 3/6
   845 | D:2      | Learned a level 3 spell: Vampiric Draining
  1386 | D:2      | Found a stormy altar of Qazlal.
  1782 | D:3      | Reached XP level 4. HP: 28/36 MP: 0/7
  1985 | D:3      | Learned a level 4 spell: Animate Dead
  2623 | D:3      | Noticed Natasha
  2629 | D:3      | Killed Natasha
  2890 | D:3      | Reached XP level 5. HP: 32/43 MP: 2/9
  2959 | D:3      | Noticed Terence
  2969 | D:3      | Killed Terence
  2983 | D:3      | Reached skill level 6 in Necromancy
  3087 | D:3      | Noticed Natasha
  3094 | D:3      | Killed Natasha
  3411 | D:4      | Noticed a phantom
  3441 | D:4      | Reached XP level 6. HP: 48/50 MP: 4/11
  3650 | D:4      | Found a blossoming altar of Fedhas.
  3650 | D:4      | Found a sparkling altar of Nemelex Xobeh.
  3654 | D:4      | Reached XP level 7. HP: 53/56 MP: 0/13
  3658 | D:4      | Found an oddly glowing altar of Pakellas.
  3658 | D:4      | Found a basalt altar of Yredelemnul.
  3668 | D:4      | Reached skill level 1 in Armour
  3885 | D:4      | Reached skill level 1 in Long Blades
  3937 | D:4      | Reached skill level 7 in Necromancy
  4008 | D:4      | Noticed Crazy Yiuf
  4015 | D:4      | Killed Crazy Yiuf
  4015 | D:4      | Reached skill level 1 in Fighting
  4515 | D:5      | Entered Level 5 of the Dungeon
  4531 | D:5      | Got a heavily runed ring mail
  4542 | D:5      | Identified the +4 ring mail "Iffeirph" {*Drain Regen+ MP+9 Int+9} (You found it on level 5 of the Dungeon)
  4691 | D:5      | Found an iron altar of Okawaru.
  4819 | D:5      | Found a glowing drain.
  4838 | Sewer    | Entered a sewer
  5023 | Sewer    | Reached skill level 5 in Spellcasting
  5023 | Sewer    | Reached XP level 8. HP: 61/64 MP: 14/15
  5159 | D:5      | Found a glowing silver altar of Zin.
  5238 | D:5      | Found a staircase to the Ecumenical Temple.
  5253 | Temple   | Entered the Ecumenical Temple
  5315 | Temple   | Became a worshipper of Kikubaaqudgha
  5575 | D:5      | Noticed a troll
  5582 | D:5      | Reached skill level 8 in Necromancy
  5594 | D:5      | Killed a troll
  5810 | D:5      | Found a radiant altar of Vehumet.
  5984 | D:6      | Found a sacrificial altar of Ru.
  6022 | D:6      | Found a snail-covered altar of Cheibriados.
  6501 | D:6      | Reached skill level 5 in Armour
  6501 | D:6      | Reached skill level 9 in Necromancy
  6501 | D:6      | Gained mutation: You passively map the area around you. [Deep Dwarf growth]
  6501 | D:6      | Reached XP level 9. HP: 69/78 MP: 18/18
  6546 | D:7      | Found a burning altar of Makhleb.
  6719 | D:7      | Reached XP level 10. HP: 69/85 MP: 12/20
  6721 | D:7      | Found Juvvont's General Store.
  6733 | D:7      | Found Anew's Antique Weapon Shoppe.
  6757 | D:7      | Learned a level 4 spell: Control Undead
  6940 | D:7      | Identified a scroll of acquirement
  7031 | D:7      | Found Sopp's Armour Emporium.
  7076 | D:7      | Noticed George's ghost (novice HOGl)
  7086 | D:7      | Killed George's ghost
  7086 | D:7      | Reached skill level 10 in Necromancy
  7157 | D:7      | Found Zuhar's Weapon Boutique.
  7420 | D:8      | Found a staircase to the Lair.
  7461 | D:8      | Found a huge runed gate.
  7461 | D:8      | Found a huge runed gate.
  7461 | D:8      | Found a huge runed gate.
  7461 | D:8      | Found a huge runed gate.
  7461 | D:8      | Noticed a griffon
  7461 | D:8      | Noticed a griffon
  7774 | D:8      | Reached * piety under Kikubaaqudgha
  7774 | D:8      | Received a gift from Kikubaaqudgha
  7775 | D:8      | Identified Kikubaaqudgha's Papyrus of Sinister Secrets (Kikubaaqudgha gifted it to you on level 8 of the Dungeon)
  8728 | Lair:1   | Entered Level 1 of the Lair of Beasts
  9020 | Lair:1   | Got a warped falchion
  9036 | Lair:1   | Noticed Gastronok
  9053 | Lair:1   | Killed Gastronok
  9053 | Lair:1   | Reached XP level 11. HP: 92/92 MP: 2/23
  9422 | Lair:1   | Reached ** piety under Kikubaaqudgha
  9487 | Lair:1   | Reached skill level 11 in Necromancy
 10092 | Lair:2   | Reached skill level 5 in Evocations
 11146 | Lair:2   | Reached *** piety under Kikubaaqudgha
 11146 | Lair:2   | Received a gift from Kikubaaqudgha
 11147 | Lair:2   | Identified Kikubaaqudgha's Compendium of Evil (Kikubaaqudgha gifted it to you on level 2 of the Lair of Beasts)
 11665 | Lair:2   | Learned a level 5 spell: Cigotuvi's Embrace
 11686 | Lair:2   | Learned a level 5 spell: Bolt of Draining
 11691 | Lair:3   | Found a shimmering altar of Xom.
 11719 | Lair:3   | Identified the +1 falchion of dvd's Imminent Death {flame, *Corrode +Blink MR- Str+10} (You found it on level 1 of the Lair of Beasts)
 11852 | Lair:3   | Found a staircase to the Snake Pit.
 11859 | Lair:3   | Reached skill level 12 in Necromancy
 11867 | Lair:3   | Reached XP level 12. HP: 96/99 MP: 25/25
 12642 | Lair:4   | Noticed a death yak
 12642 | Lair:4   | Noticed a death yak
 12642 | Lair:4   | Noticed a death yak
 12642 | Lair:4   | Noticed a death yak
 12650 | Lair:4   | Noticed a death yak
 12664 | Lair:3   | Killed a death yak
 12671 | Lair:3   | Killed a death yak
 12724 | Lair:4   | Reached skill level 10 in Spellcasting
 12989 | Lair:4   | Learned a level 2 spell: Repel Missiles
 13298 | Lair:4   | Noticed a death yak
 13309 | Lair:4   | Killed a death yak
 13329 | Lair:4   | Killed a death yak
 13351 | Lair:4   | Killed a death yak
 13351 | Lair:4   | Reached skill level 5 in Long Blades
 13464 | Lair:3   | Killed a death yak
 13984 | Lair:4   | Noticed a death yak
 13985 | Lair:4   | Noticed a death yak
 13985 | Lair:4   | Noticed a death yak
 13987 | Lair:4   | Noticed a death yak
 13989 | Lair:4   | Noticed a death yak
 13998 | Lair:4   | Killed a death yak
 14060 | Lair:4   | Killed a death yak
 14060 | Lair:4   | Reached skill level 13 in Necromancy
 14304 | Lair:3   | Reached **** piety under Kikubaaqudgha
 14562 | Lair:4   | Killed a death yak
 14576 | Lair:4   | Reached XP level 13. HP: 76/108 MP: 1/27
 15202 | Lair:5   | Reached ***** piety under Kikubaaqudgha
 15653 | Lair:5   | Reached skill level 5 in Fighting
 15659 | Lair:5   | Reached skill level 14 in Necromancy
 16067 | Lair:5   | Found a staircase to the Shoals.
 16735 | Lair:5   | Learned a level 5 spell: Dispel Undead
 17037 | Lair:6   | Found a staircase to the Slime Pits.
 17498 | Lair:7   | Reached skill level 1 in Conjurations
 19227 | Lair:8   | Entered Level 8 of the Lair of Beasts
 19355 | Lair:8   | Gained mutation: You resist negative energy. [Deep Dwarf growth]
 19355 | Lair:8   | Reached XP level 14. HP: 104/117 MP: 5/30
 20102 | Lair:8   | Reached skill level 15 in Necromancy
 20968 | Lair:8   | Reached skill level 5 in Stealth
 21507 | Lair:8   | Reached ****** piety under Kikubaaqudgha
 21514 | Lair:8   | Identified a +9 long sword of pain (a +8 long sword of freezing bloodied by Kikubaaqudgha)
 21514 | Lair:8   | Received a gift from Kikubaaqudgha
 21996 | D:10     | Entered Level 10 of the Dungeon
 22015 | D:10     | Noticed Snorg
 22032 | D:10     | Killed Snorg
 22382 | D:10     | Identified a +0 rod of clouds (9/9) (You found it on level 10 of the Dungeon)
 22551 | D:10     | Noticed Maurice
 22562 | D:10     | Killed Maurice
 23054 | D:11     | Found a white marble altar of Elyvilon.
 23058 | D:11     | Found a runed door.
 23058 | D:11     | Noticed an angel
 23073 | D:11     | Found a frozen archway.
 23186 | IceCv    | Entered an ice cave
 23238 | IceCv    | Reached XP level 15. HP: 119/124 MP: 6/32
 23276 | IceCv    | Reached skill level 16 in Necromancy
 23278 | IceCv    | Gained mutation: You evolve. [potion of beneficial mutation]
 23388 | IceCv    | HP: 2/124 [ice statue/bolt of cold (37)]
 23392 | IceCv    | Engulfed by an ice statue's freezing vapour

Vault maps used:
D:1:      mrwooster_arrival_statue
D:2:      nicolae_overflow_crystal_walls, first_bread
D:3:      uniq_natasha, uniq_terence
D:4:      grunt_temple_overflow_open, uniq_crazy_yiuf_cottage
D:5:      zin_academy, lemuel_doored_altar, minmay_temple_entry_trees,
          portal_sewer_entry_f, okawaru_altar_gauntlet_db
D:6:      slow_altar_1, basic_altar
D:7:      old_standard_altar, serial_shops, shop_statue, kennysheep_mini_moat,
          shop, shop
D:8:      lemuel_bear_cage, lair_0_dummy
D:10:     hangedman_ranch, uniq_snorg, uniq_maurice
D:11:     hangedman_cross_cluster, portal_ice_cave_entry_ice_beasts,
          minmay_misc_feat_encased, lemuel_angel_altar
Temple:   bh_familiar_temple
Lair:1:   serial_bayou_ford_a, fungi_pond_lemuel, minmay_holes,
          patterned_corridor, infiniplex_staircase_pool, uniq_gastronok
Lair:2:   serial_bayou_shore_a
Lair:3:   minmay_snake_entry_guardpost_small, basic_altar
Lair:4:   minmay_hedge_maze, grunt_megastairs_2
Lair:5:   minmay_shoals_entry_beasts, grunt_megastairs_1, lemuel_fruit_tree
Lair:6:   slime_dummy
Lair:7:   serial_bayou_pond_a, kilobyte_rumbling_trees
Lair:8:   hangedman_lair_in_review
Sewer:    kennysheep_pipe_town
IceCv:    ice_cave_small_giant

Skill      XL: |  1  2  3  4  5  6  7  8  9 10 11 12 13 14 15 |
---------------+----------------------------------------------+-----
Spellcasting   | 2 3 4 5 6 8 9 10 12 13 | 13.1
Necromancy     | 5 6 7 9 10 12 13 14 15 16 | 16.0
Stealth        | 3 4 5 |  5.2
Dodging        | 3 6 7 8 9 |  9.9
Armour         | 2 5 6 7 8 |  8.1
Long Blades    | 1 4 5 6 |  6.5
Fighting       | 1 3 4 5 |  5.6
Staves         | 3 |  3.1
Shields        | 3 4 |  4.0
Evocations     | 4 5 |  5.8
Conjurations   | 1 |  1.1
Maces & Flails | |  0.2

Action                   |  1- 3 |  4- 6 |  7- 9 | 10-12 | 13-15 || total
-------------------------+-------+-------+-------+-------+-------++-------
Melee: Mace              |    32 |    19 |       |       |       ||    51
       Falchion          |       |    57 |   127 |    34 |       ||   218
       Long sword        |       |       |       |   285 |   488 ||   773
 Cast: Pain              |    37 |    22 |    49 |    43 |    84 ||   235
       Vampiric Draining |    10 |    30 |    37 |   294 |   359 ||   730
       Animate Dead      |       |     3 |     8 |    36 |    46 ||    93
       Control Undead    |       |       |       |     3 |     4 ||     7
       Bolt of Draining  |       |       |       |     6 |    27 ||    33
       Cigotuvi's Embrac |       |       |       |     4 |    18 ||    22
       Repel Missiles    |       |       |       |     1 |       ||     1
       Dispel Undead     |       |       |       |       |     2 ||     2
Invok: Receive Corpses   |       |       |       |       |     1 ||     1
       Torment           |       |       |       |       |     1 ||     1
       Brand Weapon With |       |       |       |       |     1 ||     1
Evoke: Wand              |       |     1 |       |     3 |     7 ||    11
       Rod               |       |       |     4 |    43 |    27 ||    74
  Use: Scroll            |       |       |    10 |    12 |    17 ||    39
       Potion            |       |       |     6 |    12 |     2 ||    20
 Stab: Sleeping          |     2 |     2 |       |     4 |     7 ||    15
       Distracted        |       |       |     2 |     3 |     7 ||    12
  Eat: Chunk             |     4 |    11 |    11 |    23 |    29 ||    78
       Pizza             |       |       |       |     2 |     1 ||     3
       Beef jerky        |       |       |       |     3 |       ||     3
       Royal jelly       |       |       |       |       |     1 ||     1
